APL (24 & UNDER)
BEAVERTON BRONZE SOULS @ NANTUCKET ORCAS
07/17/2027
 
TOP OF THE 1ST
Beaverton Bronze Souls batting - Pitching for Nantucket Orcas : LHP Esteban Soto
Pitching: LHP Esteban Soto
Batting: RHB Juan Becerra 0-0: Ball
1-0: Foul Ball, location: 2F
1-1: Ball
2-1: Swinging Strike
2-2: Ball
3-2: SINGLE (Groundball, 3D)
Batting: SHB Alberto Sandoval 0-0: Ball
1-0: Ball
2-0: Called Strike
2-1: Foul Ball, location: 2F
2-2: Strikes out looking
Batting: RHB Tom Hughes 0-0: Ball
1-0: Foul Ball, location: 2F
1-1: Ball
2-1: Ball
3-1: Base on Balls
Juan Becerra to second
Batting: LHB Chance Santry 0-0: SINGLE (Line Drive, 89S)
Juan Becerra to third
Tom Hughes to second
Runner from 3rd tries for Home, SAFE, no throw
Batting: RHB David Kerr 0-0: Ball
1-0: Ball
2-0: Ball
3-0: Base on Balls
Tom Hughes to third
Chance Santry to second
Batting: LHB Joel Nelson 0-0: Ball
1-0: SINGLE (Line Drive, 9LS)
Tom Hughes scores
Chance Santry to third
David Kerr to second
Batting: RHB José Dávila 0-0: Ball
1-0: Ball
2-0: Called Strike
2-1: Called Strike
2-2: Ball
3-2: Strikes out swinging
Batting: RHB Carlos Carrillo 0-0: Ball
1-0: Swinging Strike
1-1: Ball
2-1: Foul Ball, location: 2F
2-2: Ball
3-2: Foul Ball, location: 2F
3-2: Fly out, F7 (Line Drive, 7)
Top of the 1st over - 2 run(s), 3 hit(s), 0 error(s), 3 left on base; Beaverton 2 - Nantucket 0
BOTTOM OF THE 1ST
Nantucket Orcas batting - Pitching for Beaverton Bronze Souls : RHP Terry Norris
Pitching: RHP Terry Norris
Batting: RHB Jorge Hernández 0-0: Called Strike
0-1: Swinging Strike
0-2: Strikes out swinging, 2-3 out at first.
Batting: RHB Ramón Díaz 0-0: Fly out, F9 (Flyball, 9LSF)
Batting: SHB Cory Campbell 0-0: Called Strike
0-1: Ball
1-1: Ground out 6-3 (Groundball, 6)
Bottom of the 1st over - 0 run(s), 0 hit(s), 0 error(s), 0 left on base; Beaverton 2 - Nantucket 0
TOP OF THE 2ND
Beaverton Bronze Souls batting - Pitching for Nantucket Orcas : LHP Esteban Soto
Batting: RHB Joe Brinkman 0-0: Ball
1-0: Ball
2-0: Ball
3-0: Called Strike
3-1: Base on Balls
Batting: RHB Juan Becerra 0-0: Foul Ball, location: 2F
0-1: Called Strike
0-2: Ball
1-2: Strikes out swinging
Batting: SHB Alberto Sandoval 0-0: Ball
1-0: Called Strike
1-1: Ball
2-1: Foul Ball, location: 2F
2-2: Strikes out swinging
Batting: RHB Tom Hughes 0-0: Ball
1-0: Ball
2-0: Foul Ball, location: 2F
2-1: Swinging Strike
2-2: Foul Ball, location: 2F
2-2: Ball
3-2: Fly out, F7 (Flyball, 7)
Top of the 2nd over - 0 run(s), 0 hit(s), 0 error(s), 1 left on base; Beaverton 2 - Nantucket 0
BOTTOM OF THE 2ND
Nantucket Orcas batting - Pitching for Beaverton Bronze Souls : RHP Terry Norris
Batting: SHB Héctor Padilla 0-0: Ball
1-0: Called Strike
1-1: Fly out, F6 (Flyball, 6MD)
Batting: LHB Noah Gillespie 0-0: Called Strike
0-1: Swinging Strike
0-2: Foul Ball, location: 2F
0-2: Ball
1-2: Ball
2-2: Fly out, F8 (Line Drive, 8RM)
Batting: RHB Anastasio Zartuche 0-0: Ball
1-0: SINGLE (Groundball, 56) (infield hit)
Batting: RHB Ramiro Javier 0-0: Ball
1-0: Ball
2-0: Called Strike
2-1: Foul Ball, location: 2F
2-2: Ground out U3 (Groundball, 34)
Bottom of the 2nd over - 0 run(s), 1 hit(s), 0 error(s), 1 left on base; Beaverton 2 - Nantucket 0
TOP OF THE 3RD
Beaverton Bronze Souls batting - Pitching for Nantucket Orcas : LHP Esteban Soto
Batting: LHB Chance Santry 0-0: Foul Ball, location: 2F
0-1: Called Strike
0-2: Ball
1-2: Ball
2-2: Fly out, F7 (Flyball, 7S)
Batting: RHB David Kerr 0-0: Ball
1-0: Ball
2-0: Ball
3-0: Base on Balls
Batting: LHB Joel Nelson 0-0: Ball
1-0: Ball
2-0: Ball
3-0: Called Strike
3-1: Foul Ball, location: 2F
3-2: Fly out, F5 (Popup, 56)
Batting: RHB José Dávila 0-0: Ball
1-0: Foul Ball, location: 2F
1-1: Ball
2-1: Foul Ball, location: 2F
2-2: Ball
3-2: 2-RUN HOME RUN (Flyball, 89XD), Distance : 409 ft
Batting: RHB Carlos Carrillo 0-0: SINGLE (Groundball, 6D)
Pitching: RHP Sean Flynn
Batting: RHB Joe Brinkman 0-0: Swinging Strike
0-1: Ball
1-1: Ball
2-1: Called Strike
2-2: Fielders Choice at 2nd, 5-4 (Groundball, 5)
Top of the 3rd over - 2 run(s), 2 hit(s), 0 error(s), 0 left on base; Beaverton 4 - Nantucket 0
BOTTOM OF THE 3RD
Nantucket Orcas batting - Pitching for Beaverton Bronze Souls : RHP Terry Norris
Batting: RHB Domingo Hernández 0-0: Ball
1-0: Ball
2-0: Ball
3-0: Foul Ball, location: 2F
3-1: Base on Balls
Batting: LHB Carter Sweet 0-0: Ball
1-0: Ball
2-0: Called Strike
2-1: Called Strike
2-2: Ball
3-2: Base on Balls
Domingo Hernández to second
Batting: RHB Jorge Hernández 0-0: Foul Ball, location: 2F
0-1: Foul Ball, location: 2F
0-2: Foul Ball, location: 2F
0-2: Strikes out looking
Batting: RHB Ramón Díaz 0-0: Ball
1-0: Foul Ball, location: 2F
1-1: Ball
2-1: Swinging Strike
2-2: Grounds into double play, 5-4-3 (Groundball, 56)
Bottom of the 3rd over - 0 run(s), 0 hit(s), 0 error(s), 1 left on base; Beaverton 4 - Nantucket 0
TOP OF THE 4TH
Beaverton Bronze Souls batting - Pitching for Nantucket Orcas : RHP Sean Flynn
Batting: RHB Juan Becerra 0-0: Called Strike
0-1: Ball
1-1: Fly out, F6 (Line Drive, 6)
Batting: SHB Alberto Sandoval 0-0: Called Strike
0-1: Ball
1-1: Foul Ball, location: 2F
1-2: Foul Ball, location: 2F
1-2: Ball
2-2: Ball
3-2: Base on Balls
Batting: RHB Tom Hughes 0-0: Ball
1-0: Ball
2-0: Called Strike
2-1: Foul Ball, location: 2F
2-2: Ball
3-2: Foul Ball, location: 2F
3-2: Foul Ball, location: 2F
3-2: Grounds into double play, 6-4-3 (Groundball, 6)
Top of the 4th over - 0 run(s), 0 hit(s), 0 error(s), 0 left on base; Beaverton 4 - Nantucket 0
BOTTOM OF THE 4TH
Nantucket Orcas batting - Pitching for Beaverton Bronze Souls : RHP Terry Norris
Batting: SHB Cory Campbell 0-0: Ball
1-0: Ball
2-0: Ball
3-0: Called Strike
3-1: SOLO HOME RUN (Flyball, 9D), Distance : 379 ft
Batting: SHB Héctor Padilla 0-0: Ball
1-0: Ball
2-0: Ball
3-0: Base on Balls
Batting: LHB Noah Gillespie 0-0: Called Strike
Héctor Padilla steals 2nd base
0-1: Called Strike
0-2: Foul Ball, location: 2F
0-2: Foul Ball, location: 2F
0-2: Foul Ball, location: 2F
0-2: Foul Ball, location: 2F
0-2: 2-RUN HOME RUN (Flyball, 9LD), Distance : 354 ft
Batting: RHB Anastasio Zartuche 0-0: Foul Ball, location: 2F
0-1: Swinging Strike
0-2: Foul Ball, location: 2F
0-2: Foul Ball, location: 2F
0-2: SINGLE (Line Drive, 34D)
Pitching: RHP Joe Bailey
Batting: RHB Ramiro Javier Pickoff Throw to First - Error! E1
Anastasio Zartuche to second
0-0: Foul Ball, location: 2F
0-1: Ball
1-1: Fly out, F8 (Flyball, 89M)
Batting: RHB Domingo Hernández 0-0: Ball
1-0: Called Strike
1-1: Ball
2-1: Ball
3-1: SINGLE (Line Drive, 6MD)
Anastasio Zartuche to third
Runner from 3rd tries for Home, SAFE, throw made home
Domingo Hernández to second
Batting: LHB Carter Sweet 0-0: SINGLE (Flyball, 9LS)
Domingo Hernández to third
Runner from 3rd tries for Home, SAFE, throw made home
Batting: RHB Jorge Hernández 0-0: Called Strike
0-1: SINGLE (Groundball, 4MS) (infield hit)
Carter Sweet to second
Batting: RHB Ramón Díaz 0-0: Called Strike
0-1: Foul Ball, location: 2F
0-2: Ball
1-2: Ball
2-2: Foul Ball, location: 2F
2-2: Foul Ball, location: 2F
2-2: Grounds into double play, 5-4-3 (Groundball, 56)
Bottom of the 4th over - 5 run(s), 6 hit(s), 1 error(s), 1 left on base; Beaverton 4 - Nantucket 5
TOP OF THE 5TH
Beaverton Bronze Souls batting - Pitching for Nantucket Orcas : RHP Sean Flynn
Batting: LHB Chance Santry 0-0: SINGLE (Groundball, 34D)
Batting: RHB David Kerr 0-0: Called Strike
0-1: SINGLE (Line Drive, 89S)
Chance Santry to second
Batting: LHB Joel Nelson 0-0: Ball
1-0: Ball
2-0: Called Strike
2-1: Foul Ball, location: 2F
2-2: SINGLE (Groundball, 56D)
Chance Santry to third
David Kerr to second
Pitching: LHP Josh Chamberlain
Batting: RHB José Dávila 0-0: Ball
1-0: Foul Ball, location: 2F
1-1: Called Strike
1-2: SINGLE (Groundball, 4MD)
Chance Santry scores
David Kerr to third
Joel Nelson to second
Runner from 3rd tries for Home, SAFE, no throw
Batting: RHB Carlos Carrillo 0-0: Ball
1-0: Foul Ball, location: 2F
1-1: Ball
2-1: Ball
3-1: Called Strike
3-2: Foul Ball, location: 2F
3-2: Strikes out swinging
Batting: RHB Joe Brinkman 0-0: Ball
Joel Nelson steals 3rd base
José Dávila to second
1-0: Ball
2-0: Called Strike
2-1: Ball
3-1: Foul Ball, location: 2F
3-2: Ground out 4-3 (Groundball, 4)
Joel Nelson scores
José Dávila to third
Batting: RHB Juan Becerra 0-0: Ball
1-0: Foul Ball, location: 2F
1-1: Ball
2-1: Fly out, F8 (Line Drive, 8LM)
Top of the 5th over - 3 run(s), 4 hit(s), 0 error(s), 1 left on base; Beaverton 7 - Nantucket 5
BOTTOM OF THE 5TH
Nantucket Orcas batting - Pitching for Beaverton Bronze Souls : RHP Joe Bailey
Batting: SHB Cory Campbell 0-0: Ball
1-0: Foul Ball, location: 2F
1-1: Swinging Strike
1-2: Ball
2-2: Foul Ball, location: 2F
2-2: Foul Ball, location: 2F
2-2: Ball
3-2: Reached on error, E3 (Groundball, 34)
Batting: SHB Héctor Padilla 0-0: Ball
1-0: Fly out, F5 (Popup, 5L)
Batting: LHB Noah Gillespie 0-0: Ball
Cory Campbell steals 2nd base
1-0: Ball
2-0: Ball
3-0: Base on Balls
Batting: RHB Anastasio Zartuche 0-0: Called Strike
0-1: Foul Ball, location: 2F
0-2: Strikes out swinging
Batting: RHB Ramiro Javier 0-0: Ball
1-0: Foul Ball, location: 2F
1-1: Ball
2-1: SINGLE (Groundball, 6MD)
Cory Campbell to third
Noah Gillespie to second
Runner from 3rd tries for Home, SAFE, no throw
Batting: RHB Domingo Hernández 0-0: Ball
1-0: Ball
2-0: Fielders Choice at 2nd, 6-4 (Groundball, 6)
Bottom of the 5th over - 1 run(s), 1 hit(s), 1 error(s), 1 left on base; Beaverton 7 - Nantucket 6
TOP OF THE 6TH
Beaverton Bronze Souls batting - Pitching for Nantucket Orcas : LHP Josh Chamberlain
Batting: SHB Alberto Sandoval 0-0: Ball
1-0: Ball
2-0: Fly out, F7 (Flyball, 78M)
Batting: RHB Tom Hughes 0-0: Called Strike
0-1: Ball
1-1: Foul Ball, location: 2F
1-2: Foul Ball, location: 2F
1-2: Ball
2-2: Fly out, F7 (Flyball, 7LS)
Pitching: RHP Kade Coleman
Batting: LHB Chance Santry 0-0: Ball
1-0: Ball
2-0: Ball
3-0: Called Strike
3-1: Base on Balls
Batting: RHB David Kerr 0-0: Called Strike
0-1: Ball
1-1: Called Strike
1-2: Ball
2-2: Foul Ball, location: 2F
2-2: Foul Ball, location: 2F
2-2: Strikes out swinging
Top of the 6th over - 0 run(s), 0 hit(s), 0 error(s), 1 left on base; Beaverton 7 - Nantucket 6
BOTTOM OF THE 6TH
Nantucket Orcas batting - Pitching for Beaverton Bronze Souls : RHP Joe Bailey
Pitching: RHP Víctor Hernández
Batting: LHB Carter Sweet 0-0: Ground out 4-3 (Groundball, 4)
Batting: RHB Jorge Hernández 0-0: Called Strike
0-1: Foul Ball, location: 2F
0-2: Foul Ball, location: 2F
0-2: Ball
1-2: Ball
2-2: Ball
3-2: Foul Ball, location: 2F
3-2: Strikes out swinging
Batting: RHB Ramón Díaz 0-0: Called Strike
0-1: Ball
1-1: Fly out, F9 (Flyball, 89XD)
Bottom of the 6th over - 0 run(s), 0 hit(s), 0 error(s), 0 left on base; Beaverton 7 - Nantucket 6
TOP OF THE 7TH
Beaverton Bronze Souls batting - Pitching for Nantucket Orcas : RHP Kade Coleman
Batting: LHB Joel Nelson 0-0: Ball
1-0: Ball
2-0: Fly out, F8 (Flyball, 78S)
Batting: RHB José Dávila 0-0: Ball
1-0: Ball
2-0: SINGLE (Groundball, 6D)
Batting: RHB Carlos Carrillo 0-0: Called Strike
0-1: Called Strike
0-2: Ball
1-2: Strikes out swinging
Pinch Hitting: RHB John Warren 0-0: Called Strike
0-1: Hit by Pitch
José Dávila to second
Pinch Hitting: LHB Howard Holder 0-0: Ball
1-0: Ball
2-0: Foul Ball, location: 2F
2-1: Foul Ball, location: 2F
2-2: Strikes out swinging
Top of the 7th over - 0 run(s), 1 hit(s), 0 error(s), 2 left on base; Beaverton 7 - Nantucket 6
BOTTOM OF THE 7TH
Nantucket Orcas batting - Pitching for Beaverton Bronze Souls : RHP Víctor Hernández
Now at 1B: Howard Holder
Now at 3B: Caleb Hart
Batting: SHB Cory Campbell 0-0: Ball
1-0: Ball
2-0: Ball
3-0: Base on Balls
Batting: SHB Héctor Padilla 0-0: Called Strike
0-1: Ball
1-1: Swinging Strike
1-2: Foul Ball, location: 2F
1-2: Ball
2-2: Ball
3-2: Foul Ball, location: 2F
3-2: Fly out, F7 (Flyball, 7S)
Batting: LHB Noah Gillespie 0-0: Ball
1-0: Called Strike
1-1: Called Strike
1-2: Ball
2-2: SINGLE (Line Drive, 9LS)
Cory Campbell to second
Batting: RHB Anastasio Zartuche 0-0: Called Strike
0-1: Foul Ball, location: 2F
0-2: Fly out, F8 (Line Drive, 78D)
Pinch Hitting: LHB Juan Lima 0-0: Swinging Strike
0-1: Ball
1-1: Ball
2-1: Swinging Strike
2-2: Strikes out swinging
Bottom of the 7th over - 0 run(s), 1 hit(s), 0 error(s), 2 left on base; Beaverton 7 - Nantucket 6
TOP OF THE 8TH
Beaverton Bronze Souls batting - Pitching for Nantucket Orcas : RHP Kade Coleman
Now at SS: César Osequedo
Batting: SHB Alberto Sandoval 0-0: Called Strike
0-1: Ball
1-1: Foul Ball, location: 2F
1-2: Fly out, F7 (Flyball, 7LM)
Batting: RHB Tom Hughes 0-0: Called Strike
0-1: Called Strike
0-2: Ball
1-2: Ball
2-2: Ball
3-2: Base on Balls
Batting: LHB Chance Santry 0-0: Ball
1-0: Called Strike
1-1: Ball
2-1: Fly out, F8 (Flyball, 8LXD)
Batting: RHB David Kerr 0-0: Called Strike
0-1: Swinging Strike
0-2: SINGLE (Line Drive, 89S)
Tom Hughes to second
Batting: LHB Joel Nelson 0-0: Swinging Strike
0-1: Ball
1-1: Fly out, F7 (Flyball, 7)
Top of the 8th over - 0 run(s), 1 hit(s), 0 error(s), 2 left on base; Beaverton 7 - Nantucket 6
BOTTOM OF THE 8TH
Nantucket Orcas batting - Pitching for Beaverton Bronze Souls : RHP Víctor Hernández
Pitching: RHP Ben Hepworth
Batting: RHB Domingo Hernández 0-0: Ball
1-0: Foul Ball, location: 2F
1-1: Ground out 5-3 (Groundball, 5)
Pitching: LHP Lorenzo Guzmán
Batting: LHB Carter Sweet 0-0: Called Strike
0-1: Ball
1-1: Called Strike
1-2: Strikes out looking
Pitching: RHP Mike Moyer
Batting: RHB Jorge Hernández 0-0: Ball
1-0: Called Strike
1-1: Ball
2-1: Ground out 1-3 (Groundball, 13S)
Bottom of the 8th over - 0 run(s), 0 hit(s), 0 error(s), 0 left on base; Beaverton 7 - Nantucket 6
TOP OF THE 9TH
Beaverton Bronze Souls batting - Pitching for Nantucket Orcas : RHP Kade Coleman
Batting: RHB José Dávila 0-0: Ball
1-0: Ball
2-0: Ball
3-0: Called Strike
3-1: SINGLE (Line Drive, 34D)
Pinch Hitting: RHB Carlos Guevara 0-0: Ball
1-0: Foul Ball, location: 2F
1-1: Ball
2-1: Foul Ball, location: 2F
2-2: Strikes out looking
Batting: SHB Caleb Hart 0-0: Called Strike
0-1: Swinging Strike
0-2: Ball
1-2: Ball
2-2: Ball
3-2: Strikes out swinging
Pitching: LHP José Rodríguez
Batting: LHB Howard Holder 0-0: Called Strike
0-1: SINGLE (Line Drive, 6D)
José Dávila to second
Pinch Hitting: SHB Dawson Fowler 0-0: Ball
1-0: Ball
2-0: Called Strike
2-1: Ball
3-1: Base on Balls
José Dávila to third
Howard Holder to second
Batting: RHB Tom Hughes 0-0: Ball
1-0: Ball
2-0: Foul Ball, location: 2F
2-1: Swinging Strike
2-2: Ball
3-2: Ground out 5-3 (Groundball, 56S)
Top of the 9th over - 0 run(s), 2 hit(s), 0 error(s), 3 left on base; Beaverton 7 - Nantucket 6
BOTTOM OF THE 9TH
Nantucket Orcas batting - Pitching for Beaverton Bronze Souls : RHP Mike Moyer
Pitching: LHP Mike Stevens
Now at C: Luis Aragón
Now in CF: Carlos Guevara
Batting: RHB Ramón Díaz 0-0: SOLO HOME RUN (Flyball, 78XD), Distance : 421 ft
Batting: SHB Cory Campbell 0-0: Foul Ball, location: 2F
0-1: Ball
1-1: Foul Ball, location: 2F
1-2: Foul Ball, location: 2F
1-2: Foul Ball, location: 2F
1-2: Foul Ball, location: 2F
1-2: Ball
2-2: Foul Ball, location: 2F
2-2: Foul Ball, location: 2F
2-2: Ball
3-2: Reached on error, E3 (Groundball, 34)
Batting: SHB Héctor Padilla 0-0: Swinging Strike
0-1: Foul Ball, location: 2F
0-2: Ball
1-2: Ball
2-2: Foul Ball, location: 2F
2-2: Foul Ball, location: 2F
2-2: Ball
3-2: Fly out, F7 (Flyball, 78M)
Pinch Hitting: RHB Pepe Franco 0-0: Called Strike
0-1: Ball
1-1: Ball
2-1: Foul Ball, location: 2F
2-2: Strikes out swinging
Batting: RHB Anastasio Zartuche 0-0: Ball
1-0: Fly out, F9 (Line Drive, 9LS)
Bottom of the 9th over - 1 run(s), 1 hit(s), 1 error(s), 1 left on base; Beaverton 7 - Nantucket 7
TOP OF THE 10TH
Beaverton Bronze Souls batting - Pitching for Nantucket Orcas : LHP José Rodríguez
Pitching: LHP Alberto Gutiérrez
Now at 3B: Pepe Franco
Batting: LHB Chance Santry 0-0: Ball
1-0: Foul Ball, location: 2F
1-1: Ball
2-1: Ball
3-1: Base on Balls
Batting: RHB David Kerr 0-0: Ball
1-0: Called Strike
1-1: Ball
2-1: Grounds into double play, 5-4-3 (Groundball, 5)
Batting: LHB Joel Nelson 0-0: Ball
1-0: Ball
2-0: Ball
3-0: Foul Ball, location: 2F
3-1: Foul Ball, location: 2F
3-2: Base on Balls
Batting: RHB José Dávila 0-0: Ball
1-0: Ball
2-0: Ball
3-0: Base on Balls
Joel Nelson to second
Batting: RHB Carlos Guevara 0-0: Ball
1-0: Foul Ball, location: 2F
1-1: Swinging Strike
1-2: Foul Ball, location: 2F
1-2: Ball
2-2: Ball
3-2: Foul Ball, location: 2F
3-2: Base on Balls
Joel Nelson to third
José Dávila to second
Batting: SHB Caleb Hart 0-0: Called Strike
0-1: Ball
1-1: Foul Ball, location: 2F
1-2: Foul Ball, location: 2F
1-2: Ball
2-2: Strikes out swinging
Top of the 10th over - 0 run(s), 0 hit(s), 0 error(s), 3 left on base; Beaverton 7 - Nantucket 7
BOTTOM OF THE 10TH
Nantucket Orcas batting - Pitching for Beaverton Bronze Souls : LHP Mike Stevens
Batting: RHB César Osequedo 0-0: Foul Ball, location: 2F
0-1: Swinging Strike
0-2: Strikes out swinging
Batting: RHB Domingo Hernández 0-0: SINGLE (Groundball, 6MD)
Pinch Runner at 1st José Castillo:
Batting: LHB Carter Sweet 0-0: Ball
1-0: Called Strike
1-1: Foul Ball, location: 2F
1-2: Foul Ball, location: 2F
1-2: Foul Ball, location: 2F
1-2: Foul Ball, location: 2F
1-2: Strikes out swinging
Batting: RHB Jorge Hernández 0-0: Swinging Strike
0-1: Ground out 6-3 (Groundball, 6MS)
Bottom of the 10th over - 0 run(s), 1 hit(s), 0 error(s), 1 left on base; Beaverton 7 - Nantucket 7
TOP OF THE 11TH
Beaverton Bronze Souls batting - Pitching for Nantucket Orcas : LHP Alberto Gutiérrez
Now in RF: José Castillo
Batting: LHB Howard Holder 0-0: Called Strike
0-1: Ground out 5-3 (Groundball, 56)
Batting: LHB Luis Aragón 0-0: Ball
1-0: Foul Ball, location: 2F
1-1: Swinging Strike
1-2: Strikes out looking
Batting: RHB Tom Hughes 0-0: Foul Ball, location: 2F
0-1: Swinging Strike
0-2: Foul Ball, location: 2F
0-2: Single, Error in OF, E7, batter to second base
Batting: LHB Chance Santry 0-0: Ball
1-0: Ball
2-0: Ball
3-0: Base on Balls
Batting: RHB David Kerr 0-0: Fielders Choice at 2nd, 5-4 (Groundball, 56)
Top of the 11th over - 0 run(s), 1 hit(s), 1 error(s), 1 left on base; Beaverton 7 - Nantucket 7
BOTTOM OF THE 11TH
Nantucket Orcas batting - Pitching for Beaverton Bronze Souls : LHP Mike Stevens
Pitching: RHP Silvio Fiermonte
Batting: RHB Ramón Díaz 0-0: Called Strike
0-1: Ball
1-1: Called Strike
1-2: Foul Ball, location: 2F
1-2: Strikes out swinging
Batting: SHB Cory Campbell 0-0: SINGLE (Groundball, 34S) (infield hit)
Batting: SHB Héctor Padilla 0-0: Called Strike
0-1: Ball
1-1: SINGLE (Groundball, 4MD)
Cory Campbell to second
Runner from 2nd tries for 3rd, SAFE, no throw
Batting: RHB Pepe Franco 0-0: Ball
1-0: Ball
2-0: Ball
3-0: Base on Balls
Héctor Padilla to second
Batting: RHB Anastasio Zartuche 0-0: Called Strike
0-1: Swinging Strike
0-2: Fly out, F1 (Line Drive, 13)
Batting: RHB César Osequedo 0-0: Ball
1-0: Called Strike
1-1: Ball
2-1: Ball
3-1: Foul Ball, location: 2F
3-2: Strikes out swinging
Bottom of the 11th over - 0 run(s), 2 hit(s), 0 error(s), 3 left on base; Beaverton 7 - Nantucket 7
TOP OF THE 12TH
Beaverton Bronze Souls batting - Pitching for Nantucket Orcas : LHP Alberto Gutiérrez
Batting: LHB Joel Nelson 0-0: Swinging Strike
0-1: Ball
1-1: Called Strike
1-2: Foul Ball, location: 2F
1-2: Ball
2-2: Ball
3-2: Fly out, F7 (Flyball, 7)
Batting: RHB José Dávila 0-0: Called Strike
0-1: Swinging Strike
0-2: Ball
1-2: Fly out, F2 (Popup, P)
Batting: RHB Carlos Guevara 0-0: Ball
1-0: Called Strike
1-1: Ball
2-1: Single, Error in OF, E9, batter to second base
Batting: SHB Caleb Hart 0-0: Called Strike
0-1: Called Strike
0-2: Strikes out swinging
Top of the 12th over - 0 run(s), 1 hit(s), 1 error(s), 1 left on base; Beaverton 7 - Nantucket 7
BOTTOM OF THE 12TH
Nantucket Orcas batting - Pitching for Beaverton Bronze Souls : RHP Silvio Fiermonte
Batting: SHB José Castillo 0-0: Ball
1-0: Fly out, F6 (Popup, 6MD)
Batting: LHB Carter Sweet 0-0: Foul Ball, location: 2F
0-1: Ball
1-1: Ball
2-1: Fly out, F4 (Popup, 4)
Batting: RHB Jorge Hernández 0-0: Called Strike
0-1: Fly out, F7 (Flyball, 7)
Bottom of the 12th over - 0 run(s), 0 hit(s), 0 error(s), 0 left on base; Beaverton 7 - Nantucket 7
TOP OF THE 13TH
Beaverton Bronze Souls batting - Pitching for Nantucket Orcas : LHP Alberto Gutiérrez
Batting: LHB Howard Holder 0-0: Called Strike
0-1: Ball
1-1: Called Strike
1-2: Foul Ball, location: 2F
1-2: Ball
2-2: Ball
3-2: Base on Balls
Batting: LHB Luis Aragón 0-0: Foul Ball, location: 2F
0-1: Swinging Strike
0-2: Strikes out swinging
Batting: RHB Tom Hughes 0-0: Swinging Strike
0-1: Foul Ball, location: 2F
0-2: Foul Ball, location: 2F
0-2: SINGLE (Line Drive, 7S)
Howard Holder to second
Batting: LHB Chance Santry 0-0: Ball
1-0: Swinging Strike
1-1: Ball
2-1: Ball
3-1: Fly out, F6 (Popup, 56)
Pitching: RHP Armando Chávez
Batting: RHB David Kerr 0-0: Ball
1-0: Ball
2-0: Ball
3-0: Called Strike
3-1: Base on Balls
Howard Holder to third
Tom Hughes to second
Batting: LHB Joel Nelson 0-0: Ball
1-0: Called Strike
1-1: Ball
2-1: Swinging Strike
2-2: Foul Ball, location: 2F
2-2: Ball
3-2: Strikes out swinging
Top of the 13th over - 0 run(s), 1 hit(s), 0 error(s), 3 left on base; Beaverton 7 - Nantucket 7
BOTTOM OF THE 13TH
Nantucket Orcas batting - Pitching for Beaverton Bronze Souls : RHP Silvio Fiermonte
Batting: RHB Ramón Díaz 0-0: SINGLE (Line Drive, 4D)
Batting: SHB Cory Campbell 0-0: Ball
1-0: Called Strike
1-1: Swinging Strike
1-2: Ball
2-2: Strikes out swinging
Batting: SHB Héctor Padilla 0-0: Ball
1-0: Foul Ball, location: 2F
1-1: Ball
2-1: Foul Ball, location: 2F
2-2: Strikes out swinging
Batting: RHB Pepe Franco 0-0: Swinging Strike
0-1: Ball
1-1: SINGLE (Line Drive, 89S)
Ramón Díaz to second
Batting: RHB Anastasio Zartuche 0-0: Called Strike
0-1: Ball
1-1: Ball
2-1: Ball
3-1: Called Strike
3-2: Fly out, F6 (Line Drive, 6MS)
Bottom of the 13th over - 0 run(s), 2 hit(s), 0 error(s), 2 left on base; Beaverton 7 - Nantucket 7
TOP OF THE 14TH
Beaverton Bronze Souls batting - Pitching for Nantucket Orcas : RHP Armando Chávez
Batting: RHB José Dávila 0-0: Called Strike
0-1: DOUBLE (Line Drive, 7LS)
Batting: RHB Carlos Guevara 0-0: Intentional Walk
Batting: SHB Caleb Hart 0-0: Ball
1-0: Called Strike
1-1: Called Strike
1-2: Strikes out swinging
Batting: LHB Howard Holder 0-0: Called Strike
Carlos Guevara steals 2nd base
José Dávila to third
0-1: Ball
1-1: Intentional Walk
Batting: LHB Luis Aragón 0-0: Ball
1-0: Ball
2-0: Foul Ball, location: 2F
2-1: DOUBLE (Line Drive, 89D)
José Dávila scores
Carlos Guevara scores
Howard Holder to third
Pitching: RHP José Cuellar
Batting: RHB Tom Hughes 0-0: Foul Ball, location: 2F
0-1: Ball
1-1: Ball
Wild Pitch!
Howard Holder scores
Luis Aragón to third
2-1: Ball
3-1: Foul Ball, location: 2F
3-2: SINGLE (Line Drive, 8RS)
Luis Aragón scores
Batting: LHB Chance Santry 0-0: Ball
1-0: Ball
2-0: Ball
3-0: Called Strike
3-1: Fly out, F8 (Line Drive, 8RM)
Batting: RHB David Kerr 0-0: Called Strike
0-1: Ball
1-1: Fly out, F4 (Line Drive, 4)
Top of the 14th over - 4 run(s), 3 hit(s), 0 error(s), 1 left on base; Beaverton 11 - Nantucket 7
BOTTOM OF THE 14TH
Nantucket Orcas batting - Pitching for Beaverton Bronze Souls : RHP Silvio Fiermonte
Batting: RHB César Osequedo 0-0: Ball
1-0: SINGLE (Groundball, 6D)
Batting: SHB José Castillo 0-0: Ball
1-0: Foul Ball, location: 2F
1-1: Ball
2-1: Swinging Strike
2-2: Ground out U3 (Groundball, 34S)
César Osequedo to second
Batting: LHB Carter Sweet 0-0: Ball
1-0: SINGLE (Line Drive, 9S)
César Osequedo to third
Batting: RHB Jorge Hernández 0-0: Foul Ball, location: 2F
0-1: Ball
1-1: Swinging Strike
1-2: Foul Ball, location: 2F
1-2: Ground out 5-3 (Groundball, 5S)
César Osequedo scores
Carter Sweet to second
Batting: RHB Ramón Díaz 0-0: Ball
1-0: Ball
2-0: Swinging Strike
2-1: Ball
3-1: Called Strike
3-2: SINGLE (Groundball, 23) (infield hit)
Carter Sweet to third
Batting: SHB Cory Campbell 0-0: Ball
1-0: Called Strike
1-1: Ball
2-1: Swinging Strike
2-2: Strikes out swinging
Bottom of the 14th over - 1 run(s), 3 hit(s), 0 error(s), 2 left on base; Beaverton 11 - Nantucket 8
Thursday, March 30th, 2017 - OOTP Baseball 17.12 Build 75